AoeStats
← eessddzz

Arabia

508029874Analyzed
1v1 RM · 11d ago on Sep 20, 2026· 42m 34s· 2 players
Game mode
Random Map
Map size
Tiny (2 player)
Population
200
Speed
Normal
Resources
Standard
Victory
Conquest
Starting age
Dark Age
Ending age
Imperial Age
RankedLock teamsTeams togetherTeam positionsShared explorationLock speedFull tech treeHidden civsTurbo modeCheats
Victory
Defeat
🇲🇽 Persians · Mexico
1210
+16
🇳🇱 Romans · Netherlands
1220
-16
[LMB] Vortex
5:53 Loom
8:27 Feudal Age
8:51 Double-Bit Axe
12:19 Fletching
23:29 Castle Age
22:35 Scale Barding Armor
23:30 Bloodlines
26:01 Horse Collar
27:27 Forging
29:24 Iron Casting
30:52 Wheelbarrow
32:40 Chain Barding Armor
37:04 Imperial Age
34:57 Husbandry
38:20 Plate Barding Armor
37:07 Cavalier
39:01 Blast Furnace
39:14 Gold Mining
39:14 Stone Mining
39:52 Bodkin Arrow
40:25 Conscription
39:33 Light Cavalry
42:26 Hussar
eessddzz
7:04 Loom
9:25 Feudal Age
10:00 Double-Bit Axe
9:41 Man-at-Arms
14:38 Scale Mail Armor
17:15 Fletching
21:34 Castle Age
19:55 Gold Mining
20:18 Horse Collar
21:22 Padded Archer Armor
22:07 Crossbowman
23:28 Bow Saw
24:07 Bodkin Arrow
25:39 Ballistics
31:12 Town Watch
32:45 Guard Tower
34:19 Wheelbarrow
33:53 Heavy Plow
34:28 Gold Shaft Mining
37:47 Hand Cart
40:42 Imperial Age
39:33 Hand Cart
41:18 Scale Barding Armor
41:34 Chain Mail Armor
41:14 Long Swordsman
41:59 Squires
42:12 Forging
42:29 Hand Cart
Connection lost

Rejoining the realm…

Still unreachable

The connection could not be restored.

Session expired

The server has moved on; the page needs a fresh start.